cohdb
Replays
Latest Replays
All Replays
Popular Replays
Top Player Replays
Match Explorer
How It Works
Community
CoH3 Stats
Reddit
Sign in to upload your games and track your stats! →
Sign in with Steam
Match 43250596
Unlisted
Match 43250596
Overview
Messages
Build Orders
End
Selects Australian Defense Battlegroup
Selects Australian Light Infantry Section
Australian Light Infantry Section
Vickers Machine Gun Team
Australian Light Infantry Section
Construct Section Command Post
Construct Platoon Command Post
Humber Armored Car
Australian Light Infantry Section
Selects Defensive Tactics
Unlock Bishop Self-propelled Artillery
Bishop Self-propelled Artillery
Axis For Braindeads
zero13be
Dizson
斜阳淡淡柳阴阴
iceman
FantasticU
Abazur
BlackHorstDown
0
0
Comments
sign in to comment!
No comments posted yet!